sim, chaotic male elven Wizard ---- |.|...| |.|.|.| ------ ------ |...|.| |.....|-----------------------------------------------|.....| |.--|.| |.....-...............................................-.....| |...|.|}-------------------------------.----------------------------- |----.|}}}}}}|........| +...........| |*....|.....}|........| |...........| |.---.|.....}|........|----------|...........| |.|...|.....#....{.)..-.[........-..........(| |.|.---.....}|........|----------|...........| |.|.|.......}|........| |...........| |.---.|}}}}}}|........| +...........| |.....|}-------------------------------.----------------------------- |.----| |.%...+...............................................-.....| |<| |..(.@|-----------------------------------------------|.....| |.- ------- ; ------ ; ; sim the Magician Experience level: 11 Strength: 13 Dexterity: 17 Constitution: 16 Intelligence: 20 Wisdom: 15 Charisma: 11 Health: 69(69) Energy: 112(115) Def: 16 Gold: 4257 Moves: 13647 Dungeon seed: D-MptVLYzcD5UmVJ Game ID: sim_1443144153 Your Inventory: Coins $ - 4257 gold pieces Amulets V - an uncursed amulet of reflection (being worn) Weapons a - a blessed burnt +1 quarterstaff (weapon in hands) u - 20 blessed rustproof +1 darts S - 2 +0 darts (in quiver) Armor e - an uncursed +1 cloak of magic resistance (being worn) o - a blessed greased rustproof +1 helm of telepathy (being worn) q - an uncursed +1 pair of leather gloves (being worn) r - a blessed greased +1 silver dragon scale mail (being worn) Comestibles s - 2 uncursed food rations L - an uncursed lizard corpse Scrolls v - a cursed scroll of remove curse z - an uncursed scroll of charging Rings d - an uncursed ring of teleport control (on left hand) I - an uncursed ring of free action Wands l - a wand of striking (0:0) B - a wand of polymorph (0:5) G - a wand of teleportation (0:3) H - a wand of secret door detection (0:9) M - a wand of undead turning (0:6) T - a wand of secret door detection (0:11) U - a wand of digging (0:6) Z - a wand of lightning (0:7) Tools b - an uncursed sack h - a +0 unicorn horn k - an uncursed lock pick m - a magic marker (0:18) x - a +0 pick-axe (alternate weapon; not wielded) y - an uncursed bugle P - an uncursed towel W - an uncursed magic whistle Gems n - an uncursed luckstone Contents of the sack: a cursed scroll of blank paper a cursed scroll of create monster 2 uncursed scrolls of destroy armor 3 uncursed scrolls of earth 2 uncursed scrolls of enchant weapon 2 uncursed scrolls of light 2 uncursed scrolls of remove curse a cursed scroll of teleportation an uncursed potion of enlightenment an uncursed potion of fruit juice 2 uncursed potions of healing an uncursed potion of monster detection a blessed potion of object detection 2 uncursed potions of object detection an uncursed potion of paralysis 2 uncursed potions of restore ability 2 uncursed potions of see invisible an uncursed potion of water Spells and supernatural/magical abilities: Name Level Category Fail Memory a - force bolt 1 attack 0% 31% d - dig 5* matter 100% 0% k - knock 1 matter 0% 55% n - detect monsters 1 divination 0% 9% z - sleep 1 enchantment 0% 45% W - pray for help -- divine ? -- Your skills at the end: Fighting Skills Weapon Skills quarterstaff [Skilled] Spellcasting Skills attack spells [Skilled] enchantment spells [Basic] Final Attributes: You were piously aligned. You were sleep resistant. You were magic-protected. You were telepathic. You had infravision. You had teleport control. You were fast. You had reflection. You were lucky. You had extra luck. Bad luck did not time out for you. Good luck did not time out for you. You survived. Vanquished creatures: a demilich a lich 2 lieutenants 2 giant mimics 2 fire giants an ogre king an ice troll a rock troll a flesh golem a doppelganger a large mimic a stalker a giant mummy 2 black nagas 2 sergeants 3 wargs 2 small mimics a xan an ettin mummy an ogre lord 4 trolls a large dog a flaming sphere 2 dwarf kings 3 tengu an elf mummy a red naga a wraith a leather golem 38 soldiers a succubus a chameleon 2 giant beetles a quivering blob a wolf 2 winter wolf cubs an iron piercer 2 giant spiders a horse an ice vortex 2 gnome kings an orc mummy 3 dwarf mummies an ogre 3 rust monsters an owlbear a yeti 2 gold golems a Green-elf 3 lizards a jaguar 2 dwarf lords a gray unicorn a dust vortex a plains centaur a gnome mummy a snake a human zombie a rope golem 7 soldier ants 4 bugbears a wood nymph 4 Uruk-hai 2 rock piercers 12 gnome lords 10 gnomish wizards 2 kobold mummies 2 black naga hatchlings 2 guardian naga hatchlings an elf zombie a straw golem 2 paper golems a baby crocodile 4 giant ants 2 little dogs 5 floating eyes a kitten 15 dwarves a kobold lord 10 hill orcs a rothe a rabid rat a centipede 2 monkeys an orc zombie 2 dwarf zombies a werejackal 2 iguanas 2 acid blobs 6 coyotes a gas spore 4 hobbits 10 manes 10 hobgoblins 4 giant rats 8 cave spiders 2 brown molds 6 yellow molds 3 green molds 2 red molds 55 gnomes 5 gnome zombies 4 geckos 5 jackals 2 foxes 3 kobolds 7 goblins 3 sewer rats 11 grid bugs 2 bats 4 lichens 4 kobold zombies 3 newts 388 creatures vanquished. Voluntary challenges: You had been an atheist until turn 2715. You used a wielded weapon 540 times, starting on turn 186. You read items or engraved 582 times, starting on turn 185. You never genocided any monsters. You never polymorphed an object. You never changed form. You used 6 wishes, starting on turn 13395. You did not wish for any artifacts. You never split a pudding. You wrote Elbereth's name 509 times, starting on turn 185. You violated your moral code, losing 38 points of alignment, starting on turn 2051. Dungeon overview: The Dungeons of Doom: levels 1 to 26 Level 1 a long staircase Level 2 a fountain Level 3 a fountain Level 4 a fountain stairs to The Gnomish Mines Level 5 Level 6 many fountains Level 7 stairs to Sokoban Level 8 Level 9 a fountain Level 10 a throne Level 11 Level 12 portal to The Quest Level 13 Level 14 Level 15 (rogue) Level 16 Level 17 a fountain Level 18 a temple to Ptah Level 19 a fountain Level 20 Level 21 Level 22 Level 23 Level 24 Level 25 Level 26 <- You were here a fountain The Gnomish Mines: levels 5 to 13 Level 5 stairs to The Dungeons of Doom Level 6 Level 7 Level 8 many shops, a temple to Ptah, some fountains Level 9 Level 10 Level 11 Level 12 Level 13 a fountain The Quest: Level 1 portal to The Dungeons of Doom Sokoban: levels 3 to 6 Level 3 Level 4 Level 5 Level 6 stairs to The Dungeons of Doom History has recorded: On T:1 you entered the Dungeons of Doom to retrieve the Amulet of Yendor! On T:81 you reached level 2 of The Dungeons of Doom. On T:271 you reached level 3 of The Dungeons of Doom. On T:670 you reached level 4 of The Dungeons of Doom. On T:755 you advanced to experience level 2. On T:967 you reached level 5 of The Dungeons of Doom. On T:1148 you reached level 1 of The Gnomish Mines. On T:1160 you advanced to experience level 3. On T:1412 you advanced to experience level 4. On T:1483 you advanced to experience level 5. On T:1759 you reached level 2 of The Gnomish Mines. On T:1990 you advanced to experience level 6. On T:2178 you reached level 3 of The Gnomish Mines. On T:2273 you reached level 4 of The Gnomish Mines. On T:2659 you advanced to experience level 7. On T:2997 you reached level 5 of The Gnomish Mines. On T:3016 you reached level 6 of The Gnomish Mines. On T:3483 you advanced to experience level 8. On T:3499 you reached level 7 of The Gnomish Mines. On T:3547 you advanced to experience level 9. On T:3674 you reached level 8 of The Gnomish Mines. On T:3885 you reached level 9 of The Gnomish Mines. On T:5268 you reached level 6 of The Dungeons of Doom. On T:5525 you reached level 7 of The Dungeons of Doom. On T:5586 you reached level 4 of Sokoban. On T:5877 you reached level 3 of Sokoban. On T:6466 you reached level 2 of Sokoban. On T:6804 you reached level 1 of Sokoban. On T:8181 you reached level 8 of The Dungeons of Doom. On T:8194 you reached level 9 of The Dungeons of Doom. On T:8385 you reached level 10 of The Dungeons of Doom. On T:8801 you advanced to experience level 10. On T:9204 you reached level 11 of The Dungeons of Doom. On T:9208 you reached level 12 of The Dungeons of Doom. On T:9422 you reached level 1 of The Quest. On T:9559 you reached level 13 of The Dungeons of Doom. On T:9579 you reached level 14 of The Dungeons of Doom. On T:9597 you reached level 15 of The Dungeons of Doom. On T:9628 you reached level 16 of The Dungeons of Doom. On T:9648 you reached level 17 of The Dungeons of Doom. On T:9680 you reached level 18 of The Dungeons of Doom. On T:9763 you reached level 19 of The Dungeons of Doom. On T:9835 you reached level 20 of The Dungeons of Doom. On T:12605 you reached level 21 of The Dungeons of Doom. On T:12628 you reached level 22 of The Dungeons of Doom. On T:12654 you reached level 23 of The Dungeons of Doom. On T:12674 you reached level 24 of The Dungeons of Doom. On T:12704 you reached level 25 of The Dungeons of Doom. On T:12722 you reached The Castle. On T:12909 you advanced to experience level 11. On T:13395 you wished for "3 blessed greased fixed scrolls of charging". On T:13396 you wished for "blessed greased fixed +1 silver dragon scale mail". On T:13413 you wished for "blessed greased fixed +1 helm of telepathy". On T:13416 you wished for "3 food rations". On T:13422 you wished for "20 blessed fixed +1 darts". On T:13636 you wished for "3 cursed scrolls of teleport level". Score breakdown: Gold: 4257 (12345 points) Experience: 11 levels (17616 points) Exploration: 26 levels ( 56.52%) (22360 points) Discoveries: 33 items ( 11.91%) (10354 points) Valuables value: (no points given unless you survive) Artifact value: 0 ( 0 points) Variety of kills: 113 monsters ( 29.66%) (16337 points) Turncount: 13647 turns (-2837 points) Survival: quit (score multiplied by 90%) Total score: 68557 Latest messages: E - an uncursed -1 ring of gain constitution. Your wand of wishing glows blue for a moment. You hear smashing and crushing. You put an uncursed potion of healing into the sack. You put 2 uncursed potions of object detection into the sack. N - a cursed twisted ring. T - an uncursed wand called sdd. H - an uncursed wand called sdd. B - an uncursed wand of polymorph. b - an uncursed sack. h - an uncursed unicorn horn. You finish searching. There is an amber flash as an oil lamp (0:0) hits the altar. A stone called luck? lands on the altar. Final status: Goodbye sim the Wizard, quit... You quit in The Dungeons of Doom on dungeon level 26 with 68557 points, and 4257 pieces of gold, after 13647 moves. You were level 11 with a maximum of 69 hit points when you quit.